 Dungeon Crawl Stone Soup version 0.27-a0-1219-g958d993ae5 (webtiles) character file.

Game seed: 15167840219626338504

239947 freelancePsychic the Fighter (level 18, -21/171 HPs)
             Began as a Demonspawn Delver on June 6, 2021.
             Was the Champion of Hepliaklqana.
             Blown up by a conjurer statue (61 damage)
             ... with an orb of destruction
             ... in a wizard's laboratory on June 7, 2021.
             The game lasted 01:50:20 (52227 turns).

freelancePsychic the Fighter (Demonspawn Delver)   Turns: 52227, Time: 01:50:21

Health: -21/171    AC: 31    Str: 20    XL:     18   Next: 60%
Magic:  6/22       EV: 15    Int: 15    God:    Hepliaklqana [******]
Gold:   2850       SH: 25    Dex: 16    Spells: 13/25 levels left

rFire    . . .     SeeInvis .     - Unarmed
rCold    + . .     Faith    .   q - +2 kite shield {rC+}
rNeg     + . .     Spirit   .   (armour currently unavailable)
rPois    ∞         Reflect  +   j - +0 helmet
rElec    +         Harm     .   h - +3 cloak "Sawothr Goqo" {Rampage Str+4 Stlth+}
rCorr    .         Rampage  +   (gloves currently unavailable)
Will     +....                  (boots unavailable)
Stlth    ++++......             Z - amulet of reflection
HPRegen  0.38/turn              d - ring of Ynurik {Wiz Slay+4}
MPRegen  0.18/turn              A - ring of flight

@: statue-form, flying, very slow
A: slow and powerful, torment resistance 1, boosted hp, reduced essence, talons
3, large bone plates 2, ignite blood 2, spiny 3, low mp 1, sense surroundings 1,
wild magic 1
}: 2/15 runes: barnacled, gossamer
a: End Transformation, Renounce Religion, Recall Ancestor, Ancestor Identity,
Transference, Idealise


You were in a wizard's laboratory.
You worshipped Hepliaklqana.
Hepliaklqana was exalted by your worship.
You were a living statue of rough stone.
You visited 6 branches of the dungeon, and saw 32 of its levels.
You also visited: Ossuary, Bailey, Gauntlet and Wizlab.

You collected 3932 gold pieces.
You spent 1082 gold pieces at shops.

Inventory:

Hand Weapons
 f - a +4 dagger of venom
Missiles
 O - 8 throwing nets (quivered)
Armour
 h - the +3 cloak "Sawothr Goqo" (worn) {Rampage Str+4 Stlth+}
   (You found it on level 5 of the Dungeon)

   It affects your strength (+4).
   It bestows one free step when moving towards enemies.
   It makes you more stealthy.
 j - a +0 helmet (worn)
 n - a +1 robe of willpower (melded)
 q - a +2 kite shield of cold resistance (worn)
 z - the +4 scale mail of Uskayaw's Generosity {rElec rF++}
   (You bought it in a shop on level 10 of the Dungeon)

   It greatly protects you from fire.
   It insulates you from electricity.
 R - a +2 ring mail of fire resistance
 T - the +7 tower shield of Icair {-Tele Dex+6}
   (You took it off Louise on level 14 of the Dungeon)

   It affects your dexterity (+6).
   It prevents most forms of teleportation.
 V - a +2 pair of gloves of stealth (melded)
Jewellery
 a - a +6 ring of intelligence
 d - the ring of Ynurik (left fist) {Wiz Slay+4}
   (You acquired it on level 2 of the Spider Nest)

   [ring of wizardry]

   It improves your spell success rate.
   It affects your accuracy and damage with ranged weapons and melee attacks
   (+4).
 x - a ring of protection from fire
 A - a ring of flight (right fist)
 G - the ring "Mellor" {+Blink MP+9}
   (You took it off a minotaur in a Gauntlet)

   [ring of magical power]

   It affects your magic capacity (+9).
   It lets you blink.
 Q - a ring of resist corrosion
 Z - an amulet of reflection (around neck)
Wands
 e - a wand of paralysis (4)
 g - a wand of digging (1)
 i - a wand of acid (7)
 r - a wand of charming (16)
 C - a wand of flame (51)
 F - a wand of iceblast (48)
 N - a wand of polymorph (37)
Scrolls
 b - 8 scrolls of identify {@r1}
 c - 3 scrolls of fog
 l - 10 scrolls of teleportation {@r4}
 p - 6 scrolls of vulnerability
 t - 3 scrolls of enchant armour
 u - a scroll of magic mapping
 v - 7 scrolls of amnesia
 E - a scroll of blinking
 I - 3 scrolls of immolation
 J - 2 scrolls of torment
 M - 3 scrolls of silence
 X - 2 scrolls of enchant weapon
Potions
 k - 15 potions of curing {@q1}
 m - 4 potions of ambrosia
 o - 6 potions of lignification
 s - 2 potions of attraction
 w - 4 potions of brilliance
 y - a potion of cancellation
 B - a potion of invisibility
 D - 3 potions of heal wounds {@q2}
 H - a potion of haste {@q3}
 K - 2 potions of mutation
 L - 5 potions of magic
 P - a potion of berserk rage
 S - 4 potions of flight
 U - 6 potions of resistance
 Y - 4 potions of might
Miscellaneous
 W - a phantom mirror


   Skills:
 + Level 14.4 Fighting
 - Level 10.0 Short Blades
 + Level 8.7 Dodging
 - Level 4.6 Stealth
 - Level 9.8 Shields
 + Level 14.0 Unarmed Combat
 - Level 4.3 Spellcasting
 - Level 12.0 Transmutations
 - Level 13.5 Earth Magic
 - Level 6.1 Invocations
 - Level 5.5 Evocations


You had 13 spell levels left.
You knew the following spells:

 Your Spells              Type           Power      Damage    Failure   Level
a - Statue Form           Tmut/Erth      35%        N/A       14%         6
b - Blade Hands           Tmut           25%        N/A       19%         6

Your spell library contained the following spells:

 Spells                   Type           Power      Damage    Failure   Level
 Beastly Appendage        Tmut           100%       N/A       1%          1
 Wereblood                Tmut           51%        N/A       1%          2
 Petrify                  Tmut/Erth      53%        N/A       1%          4
 Hydra Form               Tmut           25%        N/A       4%          5
 Spider Form              Tmut/Pois      13%        N/A       5%          3
 Ignite Poison            Fire/Tmut/Pois 19%        N/A       11%         3
 Ice Form                 Ice/Tmut       27%        N/A       16%         4
 Animate Skeleton         Necr           8%         N/A       17%         1
 Foxfire                  Conj/Fire      16%        2x1d4     17%         1
 Magic Dart               Conj           16%        1d3       17%         1
 Pain                     Necr           16%        1d4       17%         1
 Shock                    Conj/Air       16%        1d4       17%         1
 Blink                    Tloc           N/A        N/A       26%         2
 Call Imp                 Summ           4%         N/A       26%         2
 Slow                     Hex            4%         N/A       26%         2
 Static Discharge         Conj/Air       4%         N/A       26%         2
 Sublimation of Blood     Necr           2%         N/A       26%         2
 Alistair's Intoxication  Tmut/Pois      18%        N/A       36%         5
 Irradiate                Conj/Tmut      13%        3d18      36%         5
 Conjure Flame            Conj/Fire      4%         6-21      43%         3
 Gell's Gravitas          Tloc           2%         N/A       43%         3
 Inner Flame              Hex/Fire       4%         N/A       43%         3
 Mephitic Cloud           Conj/Pois/Air  4%         N/A       43%         3
 Portal Projectile        Hex/Tloc       8%         N/A       43%         3
 Swiftness                Air            4%         N/A       43%         3
 Vampiric Draining        Necr           2%         2d6       43%         3
 Bolt of Magma            Conj/Fire/Erth 10%        4d7       54%         5
 Dragon Form              Tmut           25%        N/A       65%         7
 Airstrike                Air            2%         N/A       80%         4
 Animate Dead             Necr           2%         N/A       80%         4
 Passage of Golubria      Tloc           N/A        N/A       80%         4
 Sticky Flame             Conj/Fire      4%         2d3       80%         4
 Summon Ice Beast         Ice/Summ       4%         N/A       80%         4
 Iron Shot                Conj/Erth      15%        9d4       80%         6
 Eringya's Noxious Bog    Tmut/Pois      13%        N/A       87%         6
 Agony                    Necr           4%         N/A       98%         5
 Fireball                 Conj/Fire      2%         3d4       98%         5
 Iskenderun's Battlesphe  Conj           4%         2d6       98%         5
 Lightning Bolt           Conj/Air       2%         1d13      98%         5
 Manifold Assault         Tloc           4%         N/A       98%         5
 Dispersal                Tloc           2%         N/A       100%        6
 Freezing Cloud           Conj/Ice/Air   2%         6-21      100%        6
 Simulacrum               Ice/Necr       2%         N/A       100%        6
 Orb of Destruction       Conj           2%         9d1       100%        7
 Ozocubu's Refrigeration  Ice            2%         4d5       100%        7
 Spellforged Servitor     Conj/Summ      2%         N/A       100%        7
 Disjunction              Tloc           2%         N/A       100%        8


Dungeon Overview and Level Annotations

Branches:
Dungeon (15/15)            Temple (0/1) D:5            Lair (6/6) D:9
 Shoals (4/4) Lair:4       Spider (4/4) Lair:4        Slime (0/5) Lair:5
    Orc (2/2) D:12            Elf (1/3) Orc:2        Vaults (0/5) D:14
 Depths (0/5) D:15        Ossuary (visited)          Bailey (visited)
 WizLab (1/1)             Gauntlet (visited)

Altars:
Cheibriados
Dithmenos
Elyvilon
Fedhas
Gozag
Hepliaklqana
Makhleb
Nemelex Xobeh
Okawaru
Ru
Trog
Vehumet
Wu Jian
Yredelemnul
Jiyva

Shops:
D:2 (   D:10 [   D:11 ?[   D:12 ([   Orc:1 *   Orc:2 (=(*   Shoals:1 :
Shoals:4 *

Portals:
Hell: Lair:6

Annotations:
D:7 3 runed translucent doors, sizableburger's ghost, novice MfNe
D:15 Qucsich's ghost, journeyman HOAr
Lair:5 1 runed translucent door
Lair:6 3 runed translucent doors, hatdisgam's ghost, journeyman NaIE
Shoals:2 2 transporters, quinnr's ghost, adept DjAE WizLab exclusion: statue


Innate Abilities, Weirdness & Mutations

You are a living statue of rough stone.
Your actions are slow, but your melee attacks are powerful.
You are resistant to unholy torment.
Your maximum health is greatly increased.
You are immune to poison.
Your equipment is partially melded.
Your life essence is reduced to manifest your ancestor. (-10% HP)
You have claws for feet.
You are mostly covered in large bone plates. (SH +6)
Your demonic aura often causes spilled blood to erupt in flames.
You are completely covered in sharp spines.
Your magical capacity is low. (-10% MP)
You passively map a small area around you.
Your spells are a little harder to cast, but a little more powerful.


Message History

Zale hits the conjurer statue with a +0 dagger of draining.
You punch the purple draconian! You claw the purple draconian.
The purple draconian is heavily wounded.
Zale loses the glow of perfection.
The purple draconian is engulfed in blazing flames.
You block the purple draconian's attack.
Zale hits the conjurer statue with a +0 dagger of draining.
The conjurer statue launches a ball of destructive magic.
The purple draconian is engulfed in blazing flames.
The purple draconian breathes dispelling energy at you.
The bolt of dispelling energy hits you!
Your magical effects are unravelling.
An orb of destruction comes into view.
You pummel the purple draconian!! Your kick misses the purple draconian.
The purple draconian is almost dead.
You revert to your normal fleshy form.
Your +2 pair of gloves of stealth unmelds from your body.
Your +1 robe of willpower unmelds from your body.
You feel stealthy.
You feel strong-willed.
Zale hits the conjurer statue with a +0 dagger of draining!
The conjurer statue conjures an orb of pure magic.
The wavering orb of destruction weakly hits Zale!!
Zale is blown up!
The purple draconian is engulfed in blazing flames.
You kill the purple draconian!
The orb of destruction hits you!!!
* * * LOW HITPOINT WARNING * * *
A tengu conjurer comes into view.
The tengu conjurer shouts!
Casting: Statue Form (dangerous; 14% risk of failure)
Confirm with . or Enter, or press ? or * to list all spells.
You turn into a living statue of rough stone.
Your +2 pair of gloves of stealth melds into your body.
Your +1 robe of willpower melds into your body.
You feel less stealthy.
You feel less strong-willed.
You hear a shout!
The conjurer statue conjures a glowing orb.
An orb of destruction comes into view.
The orb of destruction hits you!!!
You die...

#.#..§.....###.##
,
##..§§§.....#.##*
#.#§§§§...##.# , *
###§§§.)...#.#** ,
#§§#§.°......# , ,
###§§......#.# ,
,#§§°....##.#* , ,
#§§§§°.....#. #
#.#...°..8○## .#
##........○.#.#, *
.#......)○.°#
........°○..# * ,
* #.......°....#,
*, ...§§..8.....Q.
,
#§§§§.§..........
*.#.§§............
*#.§§§......○....
,


You could see a conjurer statue and a tengu conjurer.

Vanquished Creatures
  Nikola (Spider:3)
  A kraken (Shoals:1)
  Gastronok (D:9)
  7 emperor scorpions
  Louise (D:14)
  5 ghost moths
  Azrael (Spider:2)
  3 entropy weavers
  6 purple draconians (WizLab)
  A minotaur (Gauntlet)
  3 merfolk javelineers
  A spark wasp (Spider:4)
  An ettin (Orc:2)
  7 merfolk impalers
  A statue (WizLab)
  Josephine (Lair:6)
  10 hydras
  5 ogre magi
  Harold (D:9)
  6 boulder beetles
  4 centaur warriors
  4 merfolk avatars
  2 merfolk aquamancers
  20 two-headed ogres
  A dancing weapon (Elf:1)
  2 alligator snapping turtles
  3 satyrs
  2 tengu warriors (D:15)
  A vampire mage (D:15)
  A deep troll earth mage (D:12)
  A fire crab (Lair:2)
  11 sea snakes
  A sixfirhy (Gauntlet)
  3 wizards
  A kraken simulacrum (Shoals:4)
  14 harpies
  A necromancer (D:15)
  3 orc knights
  3 deep elf pyromancers
  An orc sorcerer (Orc:2)
  16 orb spiders
  11 ugly things
  2 deep elf zephyrmancers (Elf:1)
  23 wolf spiders
  8 cyclopes
  A fire giant zombie (D:15)
  11 manticores
  14 fauns
  A stone giant zombie (D:15)
  A sphinx skeleton (D:15)
  Maurice (D:12)
  A cyclops (shapeshifter) (D:14)
  5 elephants
  3 moths of wrath
  13 merfolk sirens
  6 black mambas
  10 cane toads
  An orange demon (Lair:6)
  2 gargoyles (D:12)
  3 water nymphs (Shoals:4)
  A torpor snail (Spider:2)
  7 rime drakes
  A freezing wraith (D:14)
  5 demonic crawlers
  8 tengu conjurers (WizLab)
  An ice devil (Lair:6)
  2 yaktaurs (D:12)
  8 komodo dragons
  A hellwing (Lair:6)
  2 red devils (Lair:6)
  2 guardian mummies (D:15)
  3 trolls
  2 meliai (shapeshifter)
  21 jumping spiders
  25 merfolk
  2 polar bears (Lair:2)
  4 hornets (Spider:4)
  5 wind drakes
  10 dream sheep
  A meliai zombie (D:10)
  20 blink frogs
  An ice dragon zombie (D:15)
  6 snapping turtles
  13 slime creatures
  2 flying skulls (Gauntlet)
  42 redbacks
  A shadow (D:11)
  27 tarantellas
  6 water elementals
  5 wyverns
  36 yaks
  A vampire (D:9)
  8 fire elementals
  5 wraiths (Lair:6)
  6 hogs (Lair:6)
  9 basilisks
  A naga (shapeshifter) (D:14)
  4 wargs
  3 hell hounds (Lair:6)
  21 water moccasins
  3 acid dragons
  Duvessa (D:5)
  21 orc warriors
  A hexer (Shoals:3)
  2 sky beasts (D:7)
  3 black bears
  8 ice beasts (Orc:2)
  17 wolves
  24 ogres
  12 centaurs
  2 phantoms
  11 bullfrogs
  Dowan (D:5)
  A water moccasin zombie (D:5)
  A scorpion (D:6)
  9 killer bees
  A wight (D:5)
  4 electric eels
  5 howler monkeys
  4 centaur zombies
  2 bullfrog zombies
  A jelly (D:6)
  8 orc priests
  A bullfrog skeleton (D:7)
  2 centaur skeletons
  8 orc wizards
  3 iguanas
  8 mummies
  A howler monkey skeleton (D:4)
  6 adders
  20 gnolls
  4 shadow imps
  3 ufetubi (Gauntlet)
  An adder skeleton (D:4)
  3 worms
  2 dart slugs (D:4)
  54 orcs
  4 ball pythons
  4 endoplasms
  3 giant cockroaches (D:1)
  A gnoll zombie (Ossuary)
  11 goblins
  18 hobgoblins
  2 jackals (D:2)
  14 kobolds
  5 quokkas
  4 bats
  3 frilled lizards
  3 hobgoblin zombies (Ossuary)
  A kobold zombie (D:8)
  4 orc zombies
  7 rats
  2 tentacles
947 creatures vanquished.

Vanquished Creatures (collateral kills)
  Kirke (Lair:6)
  2 statues (WizLab)
  A merfolk javelineer (Shoals:4)
  A merfolk impaler (Shoals:4)
  A hydra (Lair:4)
  A boulder beetle (D:13)
  An ogre mage (Orc:2)
  A merfolk avatar (Shoals:2)
  An alligator snapping turtle (Shoals:3)
  A soul eater (Gauntlet)
  A sun demon (Lair:6)
  A fire crab (Lair:3)
  An orc knight (Orc:1)
  3 harpies
  An orc sorcerer (Orc:1)
  2 wolf spiders
  An oklob plant (Lair:6)
  An orb spider (Spider:3)
  An ugly thing (D:14)
  A moth of wrath (Spider:4)
  A manticore (Shoals:1)
  A merfolk siren (Shoals:1)
  A torpor snail (Spider:4)
  An elephant (Lair:3)
  3 cane toads
  An orange demon (Lair:6)
  A rime drake (Lair:6)
  An efreet (D:14)
  A komodo dragon (Lair:3)
  A tengu conjurer (WizLab)
  3 trolls
  A polar bear (Lair:3)
  A jumping spider (Spider:1)
  2 merfolk
  A wind drake (shapeshifter) (D:13)
  A dream sheep (Shoals:3)
  2 blink frogs
  4 slime creatures
  4 redbacks
  5 yaks
  A hog (Lair:6)
  A fire elemental (Spider:2)
  A golden eye (shapeshifter) (D:12)
  A basilisk (Lair:2)
  2 hell hounds (Spider:2)
  3 water moccasins
  A sky beast (D:7)
  2 black bears
  A necrophage (D:4)
  A wolf (Lair:2)
  5 ogres
  A gnoll sergeant (D:9)
  A killer bee (D:10)
  2 wights (D:5)
  A howler monkey (D:10)
  2 centaur zombies (D:7)
  2 bullfrog skeletons
  3 orc priests
  A hound (D:4)
  A centaur skeleton (D:7)
  2 orc wizards
  A mummy (Ossuary)
  A howler monkey zombie (D:3)
  2 gnolls
  2 shadow imps
  An ufetubus (D:3)
  A worm (D:4)
  8 orcs
  An endoplasm (D:4)
  A hobgoblin (Bailey)
  2 jackals (D:2)
  A ball python (D:2)
  An orc zombie (Ossuary)
117 creatures vanquished.

Vanquished Creatures (others)
  3 orb spiders (Spider:4)
  2 tengu conjurers (WizLab)
  A jumping spider (Spider:4)
  3 redbacks (Spider:4)
  2 tarantellas (Spider:4)
  An orc wizard (D:10)
  35 hexers
  A bush (D:9)
  51 fungi
  112 plants
  7 tentacles
  3 withered plants (D:15)
221 creatures vanquished.

Grand Total: 1285 creatures vanquished

Notes
Turn   | Place    | Note
-------+----------+-------------------------------------------
     0 | D:5      | freelancePsychic the Demonspawn Delver began the quest for
                  | the Orb.
     0 | D:5      | Reached XP level 1. HP: 18/18 MP: 1/1
   117 | D:4      | Gained mutation: You have sharp toenails. [demonic
                  | ancestry]
   117 | D:4      | Reached XP level 2. HP: 24/24 MP: 2/2
   226 | D:4      | Reached XP level 3. HP: 27/29 MP: 3/3
   234 | D:4      | Found an opulent altar of Gozag.
   235 | D:4      | Found a hazy altar of Hepliaklqana.
   236 | D:4      | Found a bloodstained altar of Trog.
   243 | D:4      | Became a worshipper of Hepliaklqana the Forgotten
   246 | D:4      | Noticed a phantom
   246 | D:4      | Noticed an orc warrior
   577 | D:5      | Reached skill level 1 in Evocations
   577 | D:5      | Reached XP level 4. HP: 21/35 MP: 4/4
   761 | D:5      | Found a shadowy altar of Dithmenos.
   831 | D:4      | Noticed a black bear
  1034 | D:2      | Found Xabret's Antique Weapon Emporium.
  1196 | D:1      | Noticed a bullfrog
  1379 | D:1      | Found a faded altar of an unknown god.
  2039 | D:1      | Reached * piety under Hepliaklqana
  2313 | D:2      | Reached XP level 5. HP: 36/36 MP: 5/5
  3342 | D:3      | Reached ** piety under Hepliaklqana
  3343 | D:3      | Remembered your ancestor Zale as a hexer
  4204 | D:2      | Bought a glowing dagger for 140 gold pieces
  4333 | D:4      | Killed a phantom
  4334 | D:4      | Gained mutation: Your demonic aura sometimes causes spilled
                  | blood to erupt in flames. [demonic ancestry]
  4334 | D:4      | Reached XP level 6. HP: 25/42 MP: 6/6
  4343 | D:4      | Reached skill level 5 in Short Blades
  4683 | D:4      | Gained mutation: You are partially covered in sharp spines.
                  | [demonic ancestry]
  4683 | D:4      | Reached XP level 7. HP: 16/46 MP: 7/7
  5671 | D:5      | Noticed Dowan
  5675 | D:5      | Noticed Duvessa
  5692 | D:5      | Killed Duvessa
  5906 | D:5      | Killed Dowan
  6407 | D:5      | Gained mutation: You are partially covered in large bone
                  | plates. (SH +4) [demonic ancestry]
  6407 | D:5      | Reached XP level 8. HP: 52/52 MP: 8/8
  6605 | D:5      | Found a staircase to the Ecumenical Temple.
  6663 | D:5      | Identified the +3 cloak "Sawothr Goqo" {Rampage Str+4
                  | Stlth+}
  6787 | D:6      | Found an iron altar of Okawaru.
  6809 | D:6      | Reached skill level 5 in Evocations
  7174 | D:6      | Found a basalt altar of Yredelemnul.
  7689 | D:7      | Found a sparkling altar of Nemelex Xobeh.
  7758 | D:7      | Reached *** piety under Hepliaklqana
  7779 | D:7      | Gained mutation: You are mostly covered in large bone
                  | plates. (SH +6) [demonic ancestry]
  7779 | D:7      | Reached XP level 9. HP: 46/57 MP: 9/9
  8070 | D:7      | Found a runed translucent gate.
  8070 | D:7      | Noticed sizableburger's ghost (novice MfNe)
  8070 | D:7      | Noticed a kobold demonologist
  8075 | D:7      | Found a runed translucent gate.
  8075 | D:7      | Found a runed translucent gate.
  8102 | D:7      | Reached skill level 10 in Short Blades
  8166 | D:7      | Found an ornate altar of the Wu Jian Council.
  8739 | D:8      | Reached skill level 1 in Earth Magic
  8746 | D:8      | Found a sand-covered staircase.
  8758 | Ossuary  | Entered an ossuary
  9177 | D:8      | Found a sacrificial altar of Ru.
  9241 | D:8      | Reached skill level 5 in Fighting
  9266 | D:8      | Noticed a two-headed ogre
  9273 | D:8      | Killed a two-headed ogre
  9275 | D:8      | Reached **** piety under Hepliaklqana
  9514 | D:8      | Identified the +0 robe of Immorality {Will+ Slay+2}
  9877 | D:9      | Noticed a troll
  9881 | D:9      | Killed a troll
  9882 | D:9      | Reached XP level 10. HP: 69/69 MP: 10/10
 10465 | D:9      | Reached skill level 5 in Earth Magic
 10598 | D:9      | Noticed Harold
 10675 | D:9      | Killed Harold
 11050 | D:9      | Noticed Gastronok
 11095 | D:9      | Killed Gastronok
 11096 | D:9      | Reached XP level 11. HP: 27/80 MP: 11/11
 11367 | D:9      | Learned a level 6 spell: Statue Form
 11560 | D:9      | Found a staircase to the Lair.
 11906 | D:10     | Entered Level 10 of the Dungeon
 11934 | D:10     | Noticed a two-headed ogre
 11942 | D:10     | Killed a two-headed ogre
 11950 | D:10     | Found a snail-covered altar of Cheibriados.
 12214 | D:10     | Found Porof's Antique Armour Shoppe.
 12217 | D:10     | Bought a fading leather armour for 189 gold pieces
 12217 | D:10     | Identified the +0 leather armour of the Eternal Void {rN++
                  | Dex-5 Stlth+} (You bought it in a shop on level 10 of the
                  | Dungeon)
 12217 | D:10     | Bought an amber-encrusted scale mail for 243 gold pieces
 12217 | D:10     | Identified the +4 scale mail of Uskayaw's Generosity {rElec
                  | rF++} (You bought it in a shop on level 10 of the Dungeon)
 12490 | D:10     | Found a radiant altar of Vehumet.
 12514 | D:10     | Reached skill level 10 in Fighting
 13005 | D:10     | Found a blossoming altar of Fedhas.
 13496 | D:11     | You fall into a shaft and drop 1 floor!
 13593 | D:12     | Noticed a five-headed hydra
 13618 | D:11     | Reached skill level 1 in Transmutations
 13766 | D:11     | Reached ***** piety under Hepliaklqana
 13766 | D:11     | Found Gyrch's Magic Scroll Boutique.
 14276 | D:11     | Found Urchawyly's Armour Boutique.
 14503 | Lair:1   | Entered Level 1 of the Lair of Beasts
 16231 | Lair:2   | Gained mutation: You have razor-sharp toenails. [demonic
                  | ancestry]
 16231 | Lair:2   | Reached XP level 12. HP: 70/88 MP: 12/12
 16635 | Lair:2   | Reached skill level 10 in Earth Magic
 16686 | Lair:2   | Reached skill level 5 in Transmutations
 16710 | Lair:2   | Found a transporter.
 16997 | Lair:2   | Found a transporter.
 17871 | Lair:3   | Found a gate leading to a gauntlet.
 17880 | Gauntlet | Entered a Gauntlet
 17880 | Gauntlet | Found a transporter.
 17905 | Gauntlet | Found a transporter.
 17910 | Gauntlet | Noticed a catoblepas
 17919 | Gauntlet | Found a transporter.
 17923 | Gauntlet | Found a transporter.
 17930 | Gauntlet | Found a transporter.
 17943 | Gauntlet | Found a transporter.
 17957 | Gauntlet | Found a transporter.
 17964 | Gauntlet | Found a runed translucent gate.
 17965 | Gauntlet | Found a transporter.
 17965 | Gauntlet | Found a runed translucent gate.
 17966 | Gauntlet | Found a runed translucent gate.
 17969 | Gauntlet | Found a transporter.
 17969 | Gauntlet | Found a transporter.
 17971 | Gauntlet | Found a transporter.
 17972 | Gauntlet | Found a runed translucent door.
 18062 | Gauntlet | Found a transporter.
 18117 | Gauntlet | Found a transporter.
 18132 | Gauntlet | Found a transporter.
 18550 | Gauntlet | Identified the +1 helmet "Qaeck" {Harm rC++ Regen+ SInv}
 18797 | Gauntlet | Identified the ring "Mellor" {+Blink MP+9}
 18797 | Gauntlet | Noticed a minotaur
 18838 | Gauntlet | Killed a minotaur
 19863 | Lair:3   | Gained mutation: You are mostly covered in sharp spines.
                  | [demonic ancestry]
 19863 | Lair:3   | Reached XP level 13. HP: 79/93 MP: 13/13
 20583 | Lair:3   | Reached ****** piety under Hepliaklqana
 20963 | Lair:4   | Reached skill level 1 in Spellcasting
 21115 | Lair:4   | Found a hole to the Spider Nest.
 21513 | Lair:4   | Found a staircase to the Shoals.
 22687 | Lair:5   | Found a runed translucent door.
 23280 | Lair:5   | Found a viscous altar of Jiyva.
 23281 | Lair:5   | Found a staircase to the Slime Pits.
 23497 | Lair:5   | You fall into a shaft and drop 1 floor!
 23497 | Lair:6   | Entered Level 6 of the Lair of Beasts
 23497 | Lair:6   | Found a runed translucent gate.
 23497 | Lair:6   | Found a runed translucent gate.
 23498 | Lair:6   | Noticed a quicksilver ooze
 23498 | Lair:6   | Found a runed translucent gate.
 23925 | Lair:6   | Noticed hatdisgam's ghost (journeyman NaIE)
 24351 | Lair:6   | Reached skill level 10 in Transmutations
 24825 | Lair:6   | Gained mutation: Your demonic aura often causes spilled
                  | blood to erupt in flames. [demonic ancestry]
 24825 | Lair:6   | Reached XP level 14. HP: 53/99 MP: 20/20
 25370 | Lair:6   | Noticed Josephine
 25373 | Lair:6   | Killed Josephine
 26359 | Lair:6   | Found a burning altar of Makhleb.
 26386 | Lair:6   | Noticed Kirke
 26392 | Lair:6   | Killed Kirke
 27017 | Lair:6   | Reached skill level 1 in Unarmed Combat
 27220 | Lair:6   | Found a gateway to Hell.
 27288 | Lair:6   | Found a viscous altar of Jiyva.
 27802 | D:12     | Found Sibloa's Weapon Boutique.
 27802 | D:12     | Found a staircase to the Orcish Mines.
 28015 | D:12     | Found Zuapioss's Armour Boutique.
 28107 | D:12     | Noticed Maurice
 28116 | D:12     | Killed Maurice
 29379 | D:12     | Reached skill level 5 in Unarmed Combat
 30850 | D:14     | Identified the +7 tower shield of Icair {-Tele Dex+6}
 30850 | D:14     | Noticed Louise
 31275 | D:14     | Reached XP level 15. HP: 107/107 MP: 16/21
 31704 | D:14     | Killed Louise
 32082 | D:14     | You fall into a shaft and drop 1 floor!
 32082 | D:15     | Entered Level 15 of the Dungeon
 32091 | D:15     | Found a staircase to the Depths.
 33166 | Orc:1    | Entered Level 1 of the Orcish Mines
 33277 | Orc:1    | Found Geass's Assorted Antiques.
 33354 | Orc:1    | Found a flagged portal.
 33361 | Bailey   | Entered a bailey
 34175 | Orc:1    | Paralysed by an orc sorcerer for 4 turns
 34520 | Orc:2    | Entered Level 2 of the Orcish Mines
 34520 | Orc:2    | Found a staircase to the Elven Halls.
 34525 | Orc:2    | Identified a scroll of acquirement
 34525 | Orc:2    | Acquired a +2 kite shield of cold resistance
 34580 | Orc:2    | Paralysed by an ogre mage for 7 turns
 34926 | Orc:2    | Reached skill level 5 in Dodging
 35776 | Orc:2    | Found Ralyg's Antique Weapon Shoppe.
 35776 | Orc:2    | Found Xosapesch's Weapon Shop.
 35777 | Orc:2    | Found Lebrauk's General Store.
 35777 | Orc:2    | Found Qosohir's Jewellery Shoppe.
 35937 | Orc:2    | Bought an amulet of reflection for 510 gold pieces
 36134 | D:14     | Found a gate to the Vaults.
 36747 | D:15     | Gained mutation: You tend to lose your temper in combat.
                  | [mutagenic glow]
 36748 | D:15     | Gained mutation: You are completely covered in sharp
                  | spines. [demonic ancestry]
 36748 | D:15     | Reached XP level 16. HP: 116/116 MP: 4/22
 36770 | D:15     | Gained mutation: Your magical capacity is low. (-10% MP)
                  | [mutagenic glow]
 36985 | D:15     | Found a transporter.
 36988 | D:15     | Noticed Qucsich's ghost (journeyman HOAr)
 37100 | D:15     | Found a transporter.
 37120 | D:15     | Noticed a shadow dragon
 37148 | D:15     | Reached skill level 10 in Unarmed Combat
 38284 | Spider:1 | Entered Level 1 of the Spider Nest
 39133 | Spider:1 | Learned a level 6 spell: Blade Hands
 39702 | Spider:2 | Acquired the ring of Ynurik {Wiz Slay+4}
 40274 | Spider:2 | Noticed Azrael
 40283 | Spider:2 | Killed Azrael
 41689 | Spider:3 | Identified the +2 ring mail of Utucishoe {*Corrode rC+
                  | Will+}
 41773 | Spider:4 | Entered Level 4 of the Spider Nest
 41785 | Spider:3 | Reached skill level 1 in Shields
 41818 | Spider:4 | Noticed Nikola
 42380 | Spider:3 | Killed Nikola
 42461 | Spider:4 | Gained mutation: You have claws for feet. [demonic
                  | ancestry]
 42461 | Spider:4 | Reached XP level 17. HP: 123/123 MP: 15/21
 43361 | Spider:3 | Lost mutation: Your magical capacity is low. (-10% MP)
                  | [potion of mutation]
 43361 | Spider:3 | Lost mutation: You tend to lose your temper in combat.
                  | [potion of mutation]
 43361 | Spider:3 | Gained mutation: You expend magic power (3 MP) to
                  | strengthen your wands. [potion of mutation]
 43361 | Spider:3 | Gained mutation: Your spells are a little harder to cast,
                  | but a little more powerful. [potion of mutation]
 43361 | Spider:3 | Gained mutation: Your spells are harder to cast, but more
                  | powerful. [potion of mutation]
 43361 | Spider:3 | Gained mutation: You have a pair of small horns on your
                  | head. [potion of mutation]
 43368 | Spider:3 | Lost mutation: You expend magic power (3 MP) to strengthen
                  | your wands. [potion of mutation]
 43368 | Spider:3 | Lost mutation: Your spells are harder to cast, but more
                  | powerful. [potion of mutation]
 43368 | Spider:3 | Gained mutation: You are dopey. (Int -2) [potion of
                  | mutation]
 43368 | Spider:3 | Gained mutation: You passively map a small area around you.
                  | [potion of mutation]
 43368 | Spider:3 | Lost mutation: You have a pair of small horns on your head.
                  | [potion of mutation]
 43368 | Spider:3 | Gained mutation: You are agile. (Dex +2) [potion of
                  | mutation]
 43369 | Spider:3 | Lost mutation: You are agile. (Dex +2) [potion of mutation]
 43369 | Spider:3 | Lost mutation: You are dopey. (Int -2) [potion of mutation]
 43369 | Spider:3 | Gained mutation: Your magical capacity is low. (-10% MP)
                  | [potion of mutation]
 43659 | Spider:4 | Reached skill level 5 in Shields
 44230 | Spider:4 | Got a gossamer rune of Zot
 44990 | Shoals:1 | Entered Level 1 of the Shoals
 45045 | Shoals:1 | Found Cuoceneno's Book Shoppe.
 45857 | Shoals:1 | Noticed a kraken
 45870 | Shoals:1 | Killed a kraken
 45891 | Shoals:2 | Found a transporter.
 45891 | Shoals:2 | Noticed quinnr's ghost (adept DjAE)
 46373 | Shoals:2 | Found a transporter.
 47336 | Shoals:3 | Reached skill level 1 in Invocations
 48276 | Shoals:4 | Entered Level 4 of the Shoals
 48335 | Shoals:4 | Reached XP level 18. HP: 42/129 MP: 22/22
 49014 | Shoals:3 | Reached skill level 5 in Invocations
 50233 | Shoals:4 | Found Omiumu's Mass Market.
 50450 | Shoals:4 | Got a barnacled rune of Zot
 51707 | Elf:1    | Entered Level 1 of the Elven Halls
 51795 | Elf:1    | Found a magical portal.
 51798 | WizLab   | Entered Iskenderun's Mystic Tower
 52227 | WizLab   | Blown up by a conjurer statue

Illustrated notes

Levels and vault maps discovered:
D:1:      evilmike_arrival_come_back, layout_basic, basic_ecumenical_altar
D:2:      layout_loops_ring, serial_shops, nicolae_shop_statue_plus
D:3:      layout_basic
D:4:      layout_rooms, gammafunk_temple_overflow_forgotten
D:5:      layout_loops_ring, grunt_dithmenos_smoke, minmay_temple_entry_fiery,
          corexii_item_surrounded_by_moat, uniq_duvessa
D:6:      layout_loops_cross, lemuel_doored_altar, okawaru_metal_pillars_3
D:7:      layout_basic, nicolae_wu_jian_immortal_techniques,
          nemelex_xobeh_ov_fountains_minmay, serial_glass, glass_columns_a,
          glass_columns_a, glass_columns_a, glass_columns_a,
          gammafunk_ghost_nasty_kobolds
D:8:      layout_loops_ring, nicolae_ru_sacrificial_ziggurat,
          lemuel_crystal_altar, nicolae_ossuary_entry_giza
D:9:      layout_loops_ring, minmay_lair_entry_grove, uniq_harold,
          uniq_gastronok
D:10:     layout_basic, nicolae_vehumet_altar_sigil, old_standard_altar,
          overflow_temple_1_default, serial_glass, glass_columns_a,
          glass_columns_a, serial_shops, kennysheep_mini,
          hangedman_decor_opposing
D:11:     layout_big_octagon, serial_shops, kennysheep_mini_moat,
          nicolae_shop_crystal
D:12:     layout_layer_cave, orc_david_3, onia_ninara_dug_in_and_dangerous,
          uniq_maurice
D:13:     layout_stronghold
D:14:     layout_basic, david_vaults_2, minivault_26, uniq_louise
D:15:     gammafunk_depths_entry_grave, layout_layer_cave,
          gammafunk_ghost_berserking_beasts, kennysheep_doodads
Lair:1:   layout_loops_ring
Lair:2:   gammafunk_cloud_chamber, layout_small_grid, lemuel_fruit_tree
Lair:3:   layout_cave_pods, gauntlet_entry_generic
Lair:4:   layout_regular_city, minmay_shoals_entry_lonely_mermaid,
          spider_nest_entry_a, grunt_megastairs_1, lemuel_fruit_fields,
          serial_bayou_shore_b
Lair:5:   layout_gridlike, slime_altar_2, grunt_megastairs_2,
          serial_bayou_shore_a, lemuel_fruit_fields
Lair:6:   evil_forest, layout_regular_city, gammafunk_ghost_ooze,
          chequers_serial_rivers_large_a, uniq_kirke, uniq_josephine
Shoals:1: layout_shoals, serial_shops, shop
Shoals:2: layout_shoals, gammafunk_ghost_arena
Shoals:3: layout_shoals
Shoals:4: shoals_end_grunt_ice, layout_shoals, minmay_shop_mass
Spider:1: layout_spider_delve, drop_trap
Spider:2: layout_spider_delve, nicolae_spider_some_kinda_spiderbox, uniq_azrael
Spider:3: layout_spider_delve
Spider:4: spider_rune_water, uniq_nikola
Orc:1:    layout_caves, serial_shops, nicolae_shop_overgrown_old_shop,
          enter_bailey_3
Orc:2:    st_orc_ogre_mass, layout_caves, portal_ice_cave_entry_ice_beasts
Elf:1:    elf_arrival_001, layout_geoelf_octagon, serial_shops, shop,
          mu_enter_wizlab_7, ebering_ghost_xom, basic_altar, orc_legates,
          minmay_the_grid_square_5x5_3x3_mashed [minmay_the_grid_square_5x5_z,
          minmay_the_grid_square_5x5_gyroscope,
          minmay_the_grid_square_5x5_seven, minmay_the_grid_square_5x5_dogpile,
          minmay_the_grid_square_5x5_megaprize_crossed,
          minmay_the_grid_square_5x5_trominoes,
          minmay_the_grid_square_5x5_shrine1,
          minmay_the_grid_square_5x5_shuriken,
          minmay_the_grid_square_5x5_tri_point]
WizLab:   wizlab_iskenderun

Skill      XL: |  1  2  3  4  5  6  7  8  9 10 11 12 13 14 15 16 17 18 |
---------------+-------------------------------------------------------+-----
Short Blades   | 2 3 4 5 7 9 10 | 10.0
Dodging        | 2 3 5 7 8 |  8.7
Evocations     | 1 2 3 4 5 |  5.5
Fighting       | 6 9 10 11 12 13 14 | 14.4
Earth Magic    | 4 7 9 11 13 | 13.5
Transmutations | 4 8 10 11 12 | 12.0
Spellcasting   | 4 |  4.3
Unarmed Combat | 6 9 12 13 14 | 14.0
Shields        | 3 9 |  9.8
Invocations    | 4 6 |  6.1
Stealth        | |  4.6

Action                   |  1- 3 |  4- 6 |  7- 9 | 10-12 | 13-15 | 16-18 || total
-------------------------+-------+-------+-------+-------+-------+-------++-------
Melee: Short sword       |    43 |   153 |       |       |       |       ||   196
       Kick              |     8 |    77 |   105 |   111 |   170 |   187 ||   658
       Dagger            |       |    65 |   250 |   851 |   580 |       ||  1746
       Unarmed           |       |       |       |       |   498 |   668 ||  1166
       Punch             |       |       |       |       |    19 |    21 ||    40
Throw: Throwing net      |       |       |     1 |     1 |       |     2 ||     4
 Cast: Statue Form       |       |       |       |       |    64 |    99 ||   163
       Blade Hands       |       |       |       |       |       |     1 ||     1
Invok: Ancestor Identity |       |     3 |       |       |       |       ||     3
       Ancestor Life: He |       |     1 |       |       |       |       ||     1
       Recall Ancestor   |       |       |     1 |     7 |     5 |       ||    13
       Idealise          |       |       |       |       |       |     2 ||     2
Evoke: Wand              |       |       |       |    10 |     1 |    11 ||    22
       Phantom mirror    |       |       |       |     1 |       |     1 ||     2
  Use: Scroll            |     1 |     1 |    13 |     9 |    11 |    10 ||    45
       Potion            |       |       |     1 |     6 |     4 |    13 ||    24
 Stab: Sleeping          |     4 |     9 |    10 |    11 |    14 |    11 ||    59
       Confused          |       |     2 |     8 |    10 |    21 |     5 ||    46
       Distracted        |       |     1 |       |    10 |    11 |     8 ||    30
       Held in net/web   |       |       |       |     1 |       |       ||     1
       Invisible         |       |       |       |     1 |       |       ||     1
       Paralysed         |       |       |       |       |    31 |    42 ||    73
Armor: Leather armour    |    11 |    57 |     1 |       |       |       ||    69
       Scale mail        |       |       |    41 |   173 |    25 |       ||   239
       Skin              |       |       |       |     1 |   331 |   459 ||   791
       Ring mail         |       |       |       |    39 |   135 |       ||   174
       Robe              |       |       |       |       |       |     6 ||     6
Dodge: Dodged            |    20 |   117 |    66 |   225 |   480 |   524 ||  1432
Block: Other             |       |       |    22 |   138 |   273 |   258 ||   691
       Kite shield       |       |       |       |       |       |   509 ||   509
       Reflection        |       |       |       |       |       |    34 ||    34

Table legend: (Time is in decaauts)
 A = Elapsed time spent in this place.
 B = Non-inter-level travel time spent in this place.
 C = Inter-level travel time spent in this place.
 D = Time resting spent in this place.
 E = Time spent auto-exploring this place.
 F = Levels seen in this place.
 G = Mean time per level.
                   A        B        C        D        E       F      G
               +--------+--------+--------+--------+--------+-----+--------+
         Total |  54429 |  51416 |   3013 |  13517 |  30104 |  36 | 1511.9 |
       Dungeon |  23123 |  21288 |   1835 |   4877 |  13641 |  15 | 1541.5 |
          Lair |  11526 |  10936 |    590 |   2322 |   7231 |   6 | 1921.0 |
        Shoals |   7540 |   7279 |    261 |   2034 |   4090 |   4 | 1885.0 |
   Spider Nest |   6927 |   6670 |    257 |   2360 |   3250 |   4 | 1731.8 |
  Orcish Mines |   2582 |   2514 |     68 |    601 |   1292 |   2 | 1291.0 |
   Elven Halls |    102 |    102 |      0 |      0 |      0 |   1 |  102.0 |
       Ossuary |    295 |    295 |      0 |      0 |    199 |   1 |  295.0 |
        Bailey |    583 |    583 |      0 |    165 |    256 |   1 |  583.0 |
        Wizlab |    509 |    509 |      0 |    294 |     59 |   1 |  509.0 |
      Gauntlet |   1238 |   1238 |      0 |    861 |     83 |   1 | 1238.0 |
               +--------+--------+--------+--------+--------+-----+--------+

Top non-repeatable levels by time:
  Lair:6: 3164 daAuts
    D:15: 2941 daAuts
Shoals:3: 2683 daAuts
    D:12: 2361 daAuts
    D:13: 2266 daAuts
Spider:3: 2252 daAuts
Shoals:4: 2095 daAuts
     D:5: 2086 daAuts
     D:9: 1996 daAuts
  Lair:4: 1891 daAuts
  Lair:2: 1749 daAuts
  Lair:3: 1649 daAuts
Spider:1: 1635 daAuts
Spider:2: 1602 daAuts
   Orc:1: 1553 daAuts
